 Dungeon Crawl Stone Soup version 0.31-a0-940-gdaa99269f9 (webtiles) character file.

Game seed: 5807812689790605623

146 Dirtsage the Chopper (level 5, 0/41 HPs)
             Began as a Demonspawn Fighter on Oct 20, 2023.
             Slain by a water moccasin zombie (1 damage)
             ... on level 3 of the Dungeon.
             The game lasted 00:03:10 (1639 turns).

Dirtsage the Chopper (Demonspawn Fighter)           Turns: 1639, Time: 00:03:11

Health: 0/41       AC: 10    Str: 18    XL:     5   Next: 7%
Magic:  5/5        EV:  7    Int:  9    God:
Gold:   50         SH:  4    Dex: 13    Spells: 4/4 levels left

rFire   . . .        a - +0 war axe
rCold   . . .        c - +0 buckler
rNeg    . . .        f - +0 chain mail
rPois   .            (helmet restricted)
rElec   .            (no cloak)
rCorr   .            (no gloves)
SInv    .            (no boots)
Will    .....        (no amulet) Stlth
                     (no ring)
HPRegen 0.26/turn    (no ring)
MPRegen 0.09/turn

%: no passive effects
@: mighty, hasted, very quick
A: horns 1, molten scales 1, spiny 1
a: no special abilities


You were on level 3 of the Dungeon.
You visited 1 branch of the dungeon, and saw 3 of its levels.

You collected 50 gold pieces.

Inventory:

Hand Weapons
 a - a +0 war axe (weapon)
Armour
 b - a +0 scale mail
 c - a +0 buckler (worn)
 f - a +0 chain mail (worn)
Scrolls
 e - a scroll of blinking {unknown}
 g - 3 scrolls of revelation {unknown}
 j - a scroll of amnesia {unknown}
 k - a scroll of noise {unknown}
 l - a scroll of identify {unknown}
 n - a scroll of teleportation {unknown}
Potions
 h - a potion of haste
 i - 2 potions of heal wounds {unknown}
 m - a potion of curing {unknown}


   Skills:
 - Level 3.0 Fighting
 + Level 4.8 Axes
 - Level 2.6 Armour
 - Level 2.6 Shields


You had 4 spell levels left.
You didn't know any spells.
Your spell library was empty.

Dungeon Overview and Level Annotations

Branches:
Dungeon (3/15)

Altars:
Wu Jian

Annotations:
D:3 1 transporter, Cris's ghost, weakling DsCj


Innate Abilities, Weirdness & Mutations

You have a pair of small horns on your head.
You are partially covered in molten scales. (AC +2)
You are partially covered in sharp spines.


Message History

You block the water moccasin zombie's attack.
The water moccasin zombie is struck by your spines.
The water moccasin zombie bites you. You block the necrophage's attack.
Cris's ghost casts a spell at you. The magic dart hits you!
You block the howler monkey zombie's attack.
You take 10 damage, and have 12/35 hp.
MASSIVE DAMAGE!!
You closely miss Cris's ghost. You slash the water moccasin zombie!
You slash the necrophage!
You destroy the necrophage!
You barely miss the howler monkey zombie.
The water moccasin zombie is struck by your spines.
The water moccasin zombie bites you.
* * * LOW HITPOINT WARNING * * *
The howler monkey zombie hits you but does no damage.
Cris's ghost is struck by your spines. Cris's ghost hits you.
* * * LOW HITPOINT WARNING * * *
The water moccasin zombie is struck by your spines.
The water moccasin zombie bites you.
* * * LOW HITPOINT WARNING * * *
You have reached level 5!
You take 11 damage, and have 1/41 hp.
MASSIVE DAMAGE!!
MP restored: 5 It was a potion of haste.
You feel yourself speed up.
h - a potion of haste;
g - 3 scrolls labelled LINTUD MIME The howler monkey zombie is struck by your spines.
The howler monkey zombie hits you.
* * * LOW HITPOINT WARNING * * *
Cris's ghost is struck by your spines. Cris's ghost barely misses you.
You block the water moccasin zombie's attack.
You barely miss the water moccasin zombie.
You headbutt the water moccasin zombie!
The water moccasin zombie is almost destroyed.
You barely miss Cris's ghost. You slash the howler monkey zombie!
You block the howler monkey zombie's attack.
Cris's ghost is struck by your spines.
Cris's ghost hits you but does no damage.
The water moccasin zombie is struck by your spines.
The water moccasin zombie bites you.
You die...

#...............[.#
#.................#
###..#############..#
#....#......$....#..#
#....#...........#..###
#....#..###.###..#....#
##....#..#8#.#8#..#..#.#######
#.....#$......†...#..#.......#
#....©#=....Z@W...#©.........#
#.....#$......Z...#..#.......#
#.....#..#8#.#8#..#..#........
#..#..#..###.###?.#..#........
#.....#... .......#..#........
#.....#©. ........#..#.....#.#
##.....#############..##....#.#
#.....................##....#.#
#.##.........(........##....#.#


You could see Cris's ghost, a water moccasin zombie and a howler monkey zombie.

Vanquished Creatures
  A necrophage (D:3)
  An orc wizard (D:3)
  2 dart slugs (D:2)
  5 orcs (D:3)
  3 bats
  4 endoplasms
  2 goblins (D:3)
  7 hobgoblins
  4 jackals
  6 kobolds
  2 quokkas (D:1)
  3 ball pythons
  3 frilled lizards
  10 rats
53 creatures vanquished.

Notes
Turn   | Place    | Note
-------+----------+-------------------------------------------
     0 | D:1      | Dirtsage the Demonspawn Fighter began the quest for the
                  | Orb.
     0 | D:1      | Reached XP level 1. HP: 18/18 MP: 1/1
    39 | D:1      | Reached skill level 2 in Axes
   118 | D:1      | Gained mutation: You are partially covered in sharp spines.
                  | [demonic ancestry]
   118 | D:1      | Reached XP level 2. HP: 23/24 MP: 2/2
   502 | D:1      | Found a faded altar of an unknown god.
   551 | D:1      | Reached skill level 3 in Axes
   823 | D:2      | Gained mutation: You are partially covered in molten
                  | scales. (AC +2) [demonic ancestry]
   823 | D:2      | Reached XP level 3. HP: 29/29 MP: 3/3
  1119 | D:2      | Found an ornate altar of the Wu Jian Council.
  1237 | D:3      | Found a transporter.
  1239 | D:3      | Noticed Cris's ghost (weakling DsCj)
  1265 | D:3      | Noticed a necrophage
  1269 | D:3      | Found a transporter.
  1308 | D:3      | Reached skill level 4 in Axes
  1308 | D:3      | Gained mutation: You have a pair of small horns on your
                  | head. [demonic ancestry]
  1308 | D:3      | Reached XP level 4. HP: 30/35 MP: 4/4
  1637 | D:3      | Killed a necrophage
  1637 | D:3      | HP: 1/35 [water moccasin zombie (6)]
  1638 | D:3      | Reached XP level 5. HP: 1/41 MP: 5/5
  1639 | D:3      | Slain by a water moccasin zombie

Illustrated notes

Levels and vault maps discovered:
D:1:      tarquinn_simple_flora_water_e, layout_loops_ring,
          ebering_ecumenical_altar_rust
D:2:      layout_basic, basic_altar
D:3:      minmay_general_purpose_star, layout_rooms, gammafunk_ghost_mausoleum,
          st_stairs_7

Skill      XL: |  1  2  3 |
---------------+----------+-----
Axes           | 2 3 4 |  4.8
Fighting       | |  3.0
Armour         | |  2.6
Shields        | |  2.6

Action                     |  1- 3 |  4- 6 || total
---------------------------+-------+-------++-------
  Melee: War axe           |    83 |    20 ||   103
         Headbutt          |       |     2 ||     2
    Use: Potion            |       |     2 ||     2
 Armour: Scale mail        |    30 |       ||    30
         Chain mail        |    27 |    20 ||    47
  Dodge: Dodged            |    34 |     7 ||    41
  Block: Buckler           |    23 |     6 ||    29

Table legend: (Time is in decaauts)
 A = Elapsed time spent in this place.
 B = Non-inter-level travel time spent in this place.
 C = Inter-level travel time spent in this place.
 D = Time resting spent in this place.
 E = Time spent auto-exploring this place.
 F = Levels seen in this place.
 G = Mean time per level.
                   A        B        C        D        E       F      G
               +--------+--------+--------+--------+--------+-----+--------+
         Total |   1677 |   1619 |     58 |      0 |   1339 |   3 |  559.0 |
       Dungeon |   1677 |   1619 |     58 |      0 |   1339 |   3 |  559.0 |
               +--------+--------+--------+--------+--------+-----+--------+

Top non-repeatable levels by time:
     D:1: 775 daAuts
     D:2: 464 daAuts
     D:3: 438 daAuts
